 Dungeon Crawl Stone Soup version 0.29-a0-923-g6e406bff71 (webtiles) character file.

Game seed: 9030959451895083121

406 LynnLen the Ruffian (level 6, -1/51 HPs)
             Began as a Draconian Transmuter on July 28, 2022.
             Slain by a scorpion (4 damage)
             ... in an ossuary.
             The game lasted 00:09:30 (4049 turns).

LynnLen the Ruffian (Draconian Transmuter)          Turns: 4049, Time: 00:09:31

Health: -1/51      AC: 11    Str: 12    XL:     6   Next: 56%
Magic:  11/11      EV: 16    Int: 16    God:
Gold:   115        SH:  0    Dex: 11    Spells: 0/12 levels left

rFire   . . .      SeeInvis .     - Unarmed
rCold   . . .      Faith    .   (no shield)
rNeg    . . .      Spirit   .   (body armour unavailable)
rPois   .          Reflect  .   (helmet restricted)
rElec   .          Harm     .   k - +0 cloak
rCorr   .          Rampage  .   (no gloves)
Will    .....                   (no boots)
Stlth   +.........              (no amulet)
HPRegen 0.17/turn               b - +4 ring of protection
MPRegen 0.12/turn               e - +4 ring of evasion

@: brilliant, lethally poisoned (-1 -> -8)
A: AC +6, unfitting armour, cold-blooded
a: no special abilities


You were in an ossuary.
You visited 1 branch of the dungeon, and saw 4 of its levels.
You also visited: Ossuary.

You collected 115 gold pieces.

Inventory:

Armour
 k - a +0 cloak (worn)
Jewellery
 b - a +4 ring of protection (left hand)
 e - a +4 ring of evasion (right hand)
 j - a ring of fire
 o - an amulet of regeneration
Scrolls
 c - a scroll of poison
 d - 2 scrolls of teleportation
 f - a scroll of torment {unknown}
 i - 2 scrolls of butterflies {unknown}
 l - a scroll of immolation {unknown}
 p - a scroll of vulnerability {unknown}
 s - a scroll of blinking {unknown}
Potions
 a - a potion of lignification
 h - 2 potions of mutation
 m - a potion of attraction
 n - a potion of haste


   Skills:
 * Level 3.0 Fighting
 * Level 3.3 Dodging
 + Level 4.7 Unarmed Combat
 * Level 3.5 Spellcasting
 + Level 2.8 Transmutations


You couldn't memorise any spells.
You knew the following spells:

 Your Spells              Type           Power      Damage    Failure   Level
a - Beastly Appendage     Tmut           36%        N/A       5%          1
b - Wereblood             Tmut           18%        N/A       9%          2
c - Spider Form           Tmut/Pois      11%        N/A       30%         3
d - Ice Form              Ice/Tmut       11%        N/A       69%         4
e - Call Imp              Summ           4%         N/A       26%         2

Your spell library contained the following spells:

 Spells                   Type           Power      Damage    Failure   Level
 Magic Dart               Conj           16%        1d3       19%         1
 Mephitic Cloud           Conj/Pois/Air  4%         N/A       47%         3


Dungeon Overview and Level Annotations

Branches:
Dungeon (4/15)            Ossuary (1/1)
 Temple: D:4-7

Altars:
Fedhas


Innate Abilities, Weirdness & Mutations

Your plain brown scales are hard. (AC +6)
You cannot fit into any form of body armour.
You are cold-blooded and may be slowed by cold attacks.


Message History

The centaur zombie kicks you but does no damage.
You hit the scorpion. Your headbutt misses the scorpion.
Your tail-slap misses the scorpion.
The scorpion is almost dead.
You feel sick. The scorpion stings you.
* * * LOW HITPOINT WARNING * * *
You are lethally poisoned!
The scorpion poisons you!
The centaur zombie closely misses you. x2
It was a potion of flight.
You feel very buoyant.
You fly up into the air.
* * * LOW HITPOINT WARNING * * *
You feel very sick.
The scorpion stings you but does no damage.
It was a potion of cancellation.
Your magical effects are unravelling.
You feel magically purged.
Your horns disappear.
Your talons disappear.
You feel yourself slow down.
You float gracefully downwards.
* * * LOW HITPOINT WARNING * * *
You feel very sick. The centaur zombie closely misses you.
The centaur zombie barely misses you.
It was a potion of brilliance.
You feel clever all of a sudden.
* * * LOW HITPOINT WARNING * * *
You feel sick. The centaur zombie misses you.
The centaur zombie kicks you but does no damage.
The scorpion barely misses you.
The centaur zombie hits you but does no damage.
The centaur zombie barely misses you.
The scorpion stings you but does no damage.
Okay, then.
You punch the centaur zombie!
You tail-slap the centaur zombie, but do no damage.
The centaur zombie is moderately damaged.
* * * LOW HITPOINT WARNING * * *
You feel sick.
The centaur zombie hits you but does no damage.
The centaur zombie closely misses you. The scorpion stings you.
You die...

#
##.......#
##......#
#......#
##.....#
#...###
#'''#
#...###
##.....#
#.....@#
##....Zs# #
#.......#
###
#...⌠....#
..##
....⌠#⌠...#
...#
.....⌠....#
...#
.........#
...#
........##
...#
......#


You could see a scorpion and a centaur zombie.

Vanquished Creatures
  A water moccasin zombie (Ossuary)
  2 bullfrog zombies (Ossuary)
  A human zombie (Ossuary)
  A centaur zombie (Ossuary)
  2 ogre zombies (Ossuary)
  4 gnolls (D:3)
  4 adders
  3 adder zombies (Ossuary)
  2 worms
  A dart slug (D:4)
  12 orcs (D:3)
  8 endoplasms
  2 giant cockroaches
  6 goblins
  3 hobgoblins (D:1)
  8 jackals
  7 kobolds
  3 ball pythons
  5 bats
  3 frilled lizards
  4 gnoll zombies (Ossuary)
  3 goblin zombies (Ossuary)
  2 hobgoblin zombies (Ossuary)
  3 orc zombies (Ossuary)
  6 rats
96 creatures vanquished.

Vanquished Creatures (others)
  A plant (D:4)
1 creature vanquished.

Grand Total: 97 creatures vanquished

Notes
Turn   | Place    | Note
-------+----------+-------------------------------------------
     0 | D:1      | LynnLen the Draconian Transmuter began the quest for the
                  | Orb.
     0 | D:1      | Reached XP level 1. HP: 16/16 MP: 3/3
   273 | D:1      | Reached XP level 2. HP: 23/23 MP: 3/5
   277 | D:1      | Found a faded altar of an unknown god.
   363 | D:1      | Learned a level 2 spell: Wereblood
  1000 | D:2      | Reached XP level 3. HP: 29/29 MP: 6/6
  1006 | D:2      | Learned a level 3 spell: Spider Form
  1460 | D:2      | Identified the +2 ring mail of Eczuts {rPois Will- Dex+3}
  1788 | D:3      | Reached XP level 4. HP: 30/36 MP: 7/7
  2342 | D:3      | Reached skill level 4 in Unarmed Combat
  2351 | D:3      | Reached XP level 5. HP: 33/41 MP: 6/9
  3118 | D:3      | Learned a level 4 spell: Ice Form
  3300 | D:4      | Found a blossoming altar of Fedhas.
  3326 | D:4      | Found a sand-covered staircase.
  3331 | Ossuary  | Entered an ossuary
  3690 | Ossuary  | Reached XP level 6. HP: 23/50 MP: 8/11
  4024 | Ossuary  | Learned a level 2 spell: Call Imp
  4049 | Ossuary  | Slain by a scorpion

Illustrated notes

Levels and vault maps discovered:
D:1:      dpeg_arrival_arbitrary_c, layout_basic,
          ebering_ecumenical_altar_petrified, minmay_tripent
D:2:      layout_basic, kennysheep_generic_room_4
D:3:      layout_loops_ring, serial_co_window_serial, co_window_paths_a,
          co_window_paths_b, co_window_of_opportunity_a, co_window_corner_a,
          co_window_corner_a, co_window_of_opportunity_c, co_window_broadway_c,
          co_window_cross_2, co_window_4corner_a, glass_columns_a,
          glass_columns_b, glass_columns_b
D:4:      layout_loops_cross, fedhas_altar_1, enter_ossuary_2, uniq_grinder
Ossuary:  ossuary_hellmonk_silent_tomb

Skill      XL: |  1  2  3  4  5  6 |
---------------+-------------------+-----
Dodging        | 2 3 |  3.3
Fighting       | 2 3 |  3.0
Unarmed Combat | 4 |  4.7
Spellcasting   | 3 |  3.5
Transmutations | |  2.8

Action                   |  1- 3 |  4- 6 || total
-------------------------+-------+-------++-------
Melee: Unarmed           |   119 |   242 ||   361
       Headbutt          |    10 |    31 ||    41
       Kick              |    16 |    50 ||    66
       Tailslap          |     8 |    31 ||    39
       Punch             |     3 |    13 ||    16
 Cast: Beastly Appendage |    19 |    28 ||    47
       Wereblood         |       |     4 ||     4
  Use: Scroll            |     4 |     2 ||     6
       Potion            |       |     7 ||     7
 Stab: Sleeping          |     1 |       ||     1
Armor: Skin              |    50 |   115 ||   165
Dodge: Dodged            |   123 |   275 ||   398

Table legend: (Time is in decaauts)
 A = Elapsed time spent in this place.
 B = Non-inter-level travel time spent in this place.
 C = Inter-level travel time spent in this place.
 D = Time resting spent in this place.
 E = Time spent auto-exploring this place.
 F = Levels seen in this place.
 G = Mean time per level.
                   A        B        C        D        E       F      G
               +--------+--------+--------+--------+--------+-----+--------+
         Total |   4024 |   4024 |      0 |    419 |   2230 |   5 |  804.8 |
       Dungeon |   3318 |   3318 |      0 |      0 |   2230 |   4 |  829.5 |
       Ossuary |    706 |    706 |      0 |    419 |      0 |   1 |  706.0 |
               +--------+--------+--------+--------+--------+-----+--------+

Top non-repeatable levels by time:
     D:3: 1344 daAuts
     D:1: 995 daAuts
     D:2: 767 daAuts
 Ossuary: 706 daAuts
     D:4: 210 daAuts
